 Dungeon Crawl Stone Soup version 0.27-a0-898-g810843a28d (webtiles) character file.

Game seed: 10796952215284088933

198 funkygono the Magician (level 5, -1/35 HPs)
             Began as a Djinni Fire Elementalist on Apr 5, 2021.
             Slain by a gnoll sergeant
             ... wielding a +0 trident
              (11 damage)
             ... on level 3 of the Dungeon.
             The game lasted 00:05:54 (2961 turns).

funkygono the Magician (Djinni Fire Elementalist)   Turns: 2961, Time: 00:05:55

Health: -1/35      AC:  4    Str:  7    XL:     5   Next: 76%
Gold:   80         EV: 12    Int: 18    God:
                   SH:  0    Dex: 13

rFire    + + .     SeeInvis .   c - +0 long sword
rCold    x . .     Faith    .   (no shield)
rNeg     . . .     Spirit   .   b - +0 leather armour
rPois    ∞         Reflect  .   (no helmet)
rElec    .         Harm     .   d - +0 cloak
rCorr    .         Rampage  .   (no gloves)
Will     .....                  (boots unavailable)
Stlth    ++........             i - amulet of regeneration
HPRegen  1.11/turn              (no ring)
MPRegen  0.00/turn              (no ring)

@: flying, very slightly contaminated
A: fire resistance 2, cold vulnerability 1, float, innate caster, hp casting,
extra vitality 1
a: no special abilities


You were on level 3 of the Dungeon.
You visited 1 branch of the dungeon, and saw 3 of its levels.

You collected 125 gold pieces.
You spent 45 gold pieces at shops.

Inventory:

Hand Weapons
 a - a +1 whip
 c - a +0 long sword (weapon)
Armour
 b - a +0 leather armour (worn)
 d - a +0 cloak (worn)
Jewellery
 i - an amulet of regeneration (around neck)
Scrolls
 e - a scroll of vulnerability
Potions
 g - a potion of curing {unknown}
 h - a potion of mutation {unknown}


   Skills:
 * Level 1.7 Armour
 * Level 2.7 Dodging
 - Level 1.5 Stealth
 * Level 4.8 Spellcasting


You couldn't memorise any spells.
You knew the following spells:

 Your Spells              Type           Power      Damage    Failure   Level
a - Foxfire               Conj/Fire      84%        2x1d8     2%          1
b - Conjure Flame         Conj/Fire      21%        6-21      8%          3
c - Inner Flame           Hex/Fire       21%        N/A       8%          3
d - Sticky Flame          Conj/Fire      21%        2d4       26%         4
e - Fireball              Conj/Fire      10%        3d6       58%         5
f - Shock                 Conj/Air       84%        1d8       2%          1
g - Poisonous Vapours     Pois/Air       42%        N/A       4%          2
Your spell library was empty.

Dungeon Overview and Level Annotations

Branches:
Dungeon (3/15)

Altars:

Shops:
D:2 *


Innate Abilities, Weirdness & Mutations

You are immune to poison.
Your flesh is very heat resistant. (rF++)
You are vulnerable to cold. (rC-)
You float through the air rather than walking.
You learn spells naturally, not from books.
Your magical power is your life essence.
You have superior vitality. (+4 HP)


Message History

Confirm with . or Enter, or press ? or * to list all spells.
You conjure some foxfire!
The gnoll sergeant hits you from afar with a +0 trident!
* * * LOW HITPOINT WARNING * * *
The foxfire hits the gnoll sergeant but does no damage.
The gnoll sergeant is heavily wounded.
The foxfire hits the gnoll sergeant but does no damage.
The gnoll sergeant is heavily wounded.
There is a stone staircase leading up here.
The gnoll sergeant hits you from afar with a +0 trident.
* * * LOW HITPOINT WARNING * * *
You fly upwards.
There is a stone staircase leading down here.
You start resting.
HP restored.
You fly downwards.
There is a stone staircase leading up here.
Casting: Foxfire (safe; 2% risk of failure)
Confirm with . or Enter, or press ? or * to list all spells.
You conjure some foxfire!
Your foxfire dissipates!
The gnoll shouts!
The gnoll sergeant closely misses you.
The foxfire hits the gnoll sergeant.
The gnoll sergeant is heavily wounded.
The gnoll sergeant barely misses you.
Casting: Foxfire (safe; 2% risk of failure)
Confirm with . or Enter, or press ? or * to list all spells.
The spell is extremely dangerous to cast (26% risk of failure)!
Continue anyway?
Aiming: Sticky Flame (extremely dangerous; 26% risk of failure)
Press: ? - help, Shift-Dir - straight line, f - gnoll sergeant
Aim: a gnoll sergeant, wielding a +0 trident and wearing a +0 ring mail (heavily wounded, 0% to evade)
You miscast Sticky Flame.
You are very lightly contaminated with residual magic.
Strange energies run through your body!
The gnoll shouts!
The gnoll sergeant hits you with a +0 trident!
* * * LOW HITPOINT WARNING * * *
The gnoll sergeant hits you from afar with a +0 trident!
You die...

########## ##
#........# ..
#.#.####.# .#
#.#<# #.# .#
#.#@####.##.######
#.#..g..g.........
#...g.........####
#...#.....##...# .
#.#.#....#......#
#
#....#..#.........
.
###...###.....####
#... #....# #...
#...#


You could see a gnoll sergeant and 2 gnolls.

Vanquished Creatures
  An ogre (D:2)
  Jessica (D:2)
  An adder (D:2)
  3 gnolls (D:3)
  2 dart slugs
  6 endoplasms
  2 giant cockroaches (D:1)
  A goblin (D:3)
  5 hobgoblins
  4 jackals (D:1)
  A quokka (D:1)
  2 ball pythons
  6 bats
  4 frilled lizards
  3 kobolds
  5 rats
47 creatures vanquished.

Vanquished Creatures (collateral kills)
  2 foxfires (D:1)
2 creatures vanquished.

Vanquished Creatures (others)
  131 foxfires
  A plant (D:1)
132 creatures vanquished.

Grand Total: 181 creatures vanquished

Notes
Turn   | Place    | Note
-------+----------+-------------------------------------------
     0 | D:1      | funkygono the Djinni Fire Elementalist began the quest for
                  | the Orb.
     0 | D:1      | Reached XP level 1. HP: 15/15 MP: 0/0
   288 | D:1      | Reached skill level 3 in Spellcasting
   288 | D:1      | Reached XP level 2. HP: 18/21 MP: 0/0
  1072 | D:1      | Reached XP level 3. HP: 23/25 MP: 0/0
  1072 | D:1      | Learned a level 1 spell: Shock
  1617 | D:2      | Found Abezu's General Store.
  1625 | D:2      | Bought a +0 cloak for 45 gold pieces
  2156 | D:2      | Noticed an ogre
  2165 | D:2      | Killed an ogre
  2166 | D:2      | Reached skill level 1 in Armour
  2166 | D:2      | Reached skill level 4 in Spellcasting
  2166 | D:2      | Reached XP level 4. HP: 25/31 MP: 0/0
  2166 | D:2      | Reached XP level 5. HP: 29/35 MP: 0/0
  2166 | D:2      | Learned a level 2 spell: Poisonous Vapours
  2481 | D:2      | Noticed Jessica
  2484 | D:2      | Killed Jessica
  2961 | D:3      | Slain by a gnoll sergeant

Illustrated notes

Levels and vault maps discovered:
D:1:      lordsloth_arrival_two_stooges, layout_basic, serial_bayou,
          serial_bayou_pond_c, serial_bayou_pond_e, serial_bayou_pond_e,
          serial_bayou_pond_d, kennysheep_minor_cross
D:2:      layout_basic, serial_shops, shop, uniq_jessica
D:3:      layout_loops_corners, serial_glass, glass_columns_a, glass_columns_a,
          st_stairs_4, minmay_misc_feat_chi

Skill      XL: |  1  2  3 |
---------------+----------+-----
Spellcasting   | 3 4 |  4.8
Armour         | 1 |  1.7
Dodging        | |  2.7
Stealth        | |  1.5

Action                   |  1- 3 |  4- 6 || total
-------------------------+-------+-------++-------
Melee: Whip              |     2 |     2 ||     4
 Cast: Foxfire           |    57 |    27 ||    84
       Shock             |     2 |     3 ||     5
       Poisonous Vapours |       |     3 ||     3
       Conjure Flame     |       |     1 ||     1
  Use: Scroll            |     3 |     1 ||     4
Armor: Leather armour    |     3 |       ||     3
Dodge: Dodged            |    12 |     4 ||    16

Table legend: (Time is in decaauts)
 A = Elapsed time spent in this place.
 B = Non-inter-level travel time spent in this place.
 C = Inter-level travel time spent in this place.
 D = Time resting spent in this place.
 E = Time spent auto-exploring this place.
 F = Levels seen in this place.
 G = Mean time per level.
                   A        B        C        D        E       F      G
               +--------+--------+--------+--------+--------+-----+--------+
         Total |   2963 |   2900 |     63 |     37 |   2435 |   3 |  987.7 |
       Dungeon |   2963 |   2900 |     63 |     37 |   2435 |   3 |  987.7 |
               +--------+--------+--------+--------+--------+-----+--------+

Top non-repeatable levels by time:
     D:1: 1481 daAuts
     D:2: 1317 daAuts
     D:3: 163 daAuts
